 Dungeon Crawl Stone Soup version 0.28-a0-750-g7c675f85b1 (webtiles) character file.

Game seed: 11614523280028473900

8 ytrimaz the Ducker (level 2, 22/22 HPs)
             Began as a Demonspawn Gladiator on Oct 29, 2021.
             Quit the game on level 1 of the Dungeon.
             The game lasted 00:00:53 (387 turns).

ytrimaz the Ducker (Demonspawn Gladiator)            Turns: 387, Time: 00:00:54

Health: 22/22      AC:  4    Str: 14    XL:     2   Next: 0%
Magic:  2/2        EV: 12    Int:  9    God:
Gold:   6          SH:  0    Dex: 14    Spells: 1/1 levels left

rFire   . . .      SeeInvis .   a - +0 war axe
rCold   . . .      Faith    .   (no shield)
rNeg    . . .      Spirit   .   b - +0 leather armour
rPois   .          Reflect  .   c - +0 helmet
rElec   .          Harm     .   (no cloak)
rCorr   .          Rampage  .   (no gloves)
Will    .....                   (no boots)
Stlth   +.........              (no amulet)
HPRegen 0.07/turn               (no ring)
MPRegen 0.08/turn               (no ring)

@: no status effects
A: claws 1
a: no special abilities


You were on level 1 of the Dungeon.
You visited 1 branch of the dungeon, and saw 1 of its levels.

You collected 6 gold pieces.

Inventory:

Hand Weapons
 a - a +0 war axe (weapon)
Missiles
 d - 3 throwing nets (quivered)
Armour
 b - a +0 leather armour (worn)
 c - a +0 helmet (worn)
Jewellery
 f - a ring of willpower
Scrolls
 e - a scroll of magic mapping {unknown}


   Skills:
 * Level 2.1 Fighting
 + Level 2.9 Axes
 - Level 1.7 Throwing
 + Level 2.9 Dodging


You had one spell level left.
You didn't know any spells.
Your spell library was empty.

Dungeon Overview and Level Annotations

Branches:
Dungeon (1/15)

Altars:


Innate Abilities, Weirdness & Mutations

You have sharp fingernails.


Message History

The bat misses you.
You closely miss the bat. The bat completely misses you.
The bat hits you but does no damage. The bat hits you but does no damage.
Found a ring mail.
The bat closely misses you. The bat hits you but does no damage.
The bat hits you but does no damage. The bat misses you.
The bat hits you but does no damage. The bat barely misses you.
The bat hits you but does no damage.
You completely miss the bat. The bat hits you.
You closely miss the bat. The bat barely misses you. The bat hits you.
You closely miss the bat. The bat misses you. x2
The bat closely misses you. The bat hits you but does no damage.
You barely miss the bat. The bat hits you but does no damage.
You closely miss the bat. The bat hits you but does no damage. x2
You closely miss the bat. The bat closely misses you. The bat misses you.
The bat closely misses you. The bat closely misses you.
The bat barely misses you. The bat hits you.
You hit the bat.
You kill the bat!
A bat comes into view.
A bat is nearby!
A bat is nearby!
The bat barely misses you.
Found a large tourmaline ring.
The bat misses you.
You hit the bat.
You kill the bat!
You have reached level 2!
Your demonic ancestry asserts itself...
Your fingernails lengthen.
You see here a bat corpse.
Found a scroll labelled SEMEINL UGOG.
f - a ring of willpower Are you sure you want to abandon this character and quit the game? (Confirm with "yes".)

.....).........................
............##.#...#.#.........
..###+####+###.#.....#†[......#
........ ......................
........ ......................
...(.... ......................
........ ......................
........ ......#...#........#.#
........ #......@...........#.#
#####... ................#..#
.## ... ................#..#
..## .. #.................
...## #........##..#..#. ....#
...###?..# ..... ....# #..
..... ..#. ....# #. #.#.# #
.....


There were no monsters in sight!

Vanquished Creatures
  2 bats (D:1)
  An endoplasm (D:1)
  A hobgoblin (D:1)
  2 kobolds (D:1)
  A rat (D:1)
7 creatures vanquished.

Notes
Turn   | Place    | Note
-------+----------+-------------------------------------------
     0 | D:1      | ytrimaz the Demonspawn Gladiator began the quest for the
                  | Orb.
     0 | D:1      | Reached XP level 1. HP: 16/16 MP: 1/1
   379 | D:1      | Gained mutation: You have sharp fingernails. [demonic
                  | ancestry]
   379 | D:1      | Reached XP level 2. HP: 22/22 MP: 2/2
   387 | D:1      | Quit the game

Illustrated notes

Levels and vault maps discovered:
D:1:      psy_arrival_dodecagon, layout_basic

Action                   || total
-------------------------++-------
Melee: War axe           ||    22
Armor: Leather armour    ||    13
Dodge: Dodged            ||    24

Table legend: (Time is in decaauts)
 A = Elapsed time spent in this place.
 B = Non-inter-level travel time spent in this place.
 C = Inter-level travel time spent in this place.
 D = Time resting spent in this place.
 E = Time spent auto-exploring this place.
 F = Levels seen in this place.
 G = Mean time per level.
                   A        B        C        D        E       F      G
               +--------+--------+--------+--------+--------+-----+--------+
         Total |    394 |    394 |      0 |    249 |     56 |   1 |  394.0 |
       Dungeon |    394 |    394 |      0 |    249 |     56 |   1 |  394.0 |
               +--------+--------+--------+--------+--------+-----+--------+

Top non-repeatable levels by time:
     D:1: 394 daAuts
